 Dungeon Crawl Stone Soup version 0.22-a0-441-gcf5b0c64b7 (webtiles) character file.

7 Banto the Digger (level 2, -2/17 HPs)
             Began as an Octopode Earth Elementalist on May 30, 2018.
             Slain by a jackal (3 damage)
             ... on level 1 of the Dungeon.
             The game lasted 00:00:23 (79 turns).

Banto the Digger (Octopode Earth Elementalist)        Turns: 79, Time: 00:00:24

Health: -2/17      AC:  1    Str:  7    XL:     2   Next: 0%
Magic:  0/5        EV: 13    Int: 17    God:
Gold:   7          SH:  0    Dex: 12    Spells: 4/5 levels left

rFire    . . .     SeeInvis .   a - +0 club
rCold    . . .     Gourm    .   (no shield)
rNeg     . . .     Faith    .   (helmet restricted)
rPois    .         Spirit   .   (no amulet)
rElec    .         Reflect  .   (no ring)
rCorr    .         Harm     .   (no ring)
MR       .....                  (no ring)
Stlth    +++.......             (no ring)
HPRegen  0.05/turn              (no ring)
MPRegen  0.09/turn              (no ring)
                                (no ring)
                                (no ring)

@: no status effects
A: almost no armour, stealthy swim, amphibious, 8 rings, constrict 8, camouflage
1, gelatinous body 1
a: no special abilities


You were on level 1 of the Dungeon.
You were not hungry.

You visited 1 branch of the dungeon, and saw 1 of its levels.

You collected 7 gold pieces.

Inventory:

Hand Weapons
 a - a +0 club (weapon)
 e - a +0 mace
Missiles
 b - 34 stones (quivered)
Scrolls
 d - a scroll of amnesia {unknown}
Comestibles
 c - a ration


   Skills:
 - Level 2.0 Dodging
 + Level 3.2 Stealth
 - Level 2.0 Spellcasting
   Level 1.0 Transmutations
 + Level 3.2 Earth Magic


You had 4 spell levels left.
You knew the following spells:

 Your Spells              Type           Power        Failure   Level  Hunger
a - Sandblast             Erth           ##....       4%          1    #......

Your spell library contained the following spells:

 Spells                   Type           Power        Failure   Level  Hunger
 Stone Arrow              Conj/Erth      #.....       30%         3    ###....
 Passwall                 Tmut/Erth      #.......     12%         2    ###....
 Lee's Rapid Deconstruct  Erth           ##........   80%         5    ######.
 Petrify                  Tmut/Erth      #.......     63%         4    #####..


Dungeon Overview and Level Annotations

Branches:
Dungeon (1/15)

Altars:


Innate Abilities, Weirdness & Mutations

You cannot wear most types of armour.
You are very stealthy in the water. (Stealth+)
You are amphibious.
You can wear up to eight rings at the same time.
You can use your tentacles to constrict eight enemies at once.
Your skin changes colour to match your surroundings (Stealth+).
Your rubbery body absorbs attacks. (AC +1, EV +1)


Message History

b - 34 stones The jackal bites you.
* * * LOW HITPOINT WARNING * * *
The jackal closely misses you.
You take 2 damage, and have 1/17 hp.
You now have 0/5 mp.
Casting: Sandblast (safe; 4% risk of failure)
Confirm with . or Enter, or press ? or * to list all spells.
You don't have enough magic to cast that spell.
Unknown command.
You closely miss the jackal. Your grab misses the jackal.
The jackal is moderately wounded.
The jackal barely misses you. The jackal misses you.
Casting: Sandblast (safe; 4% risk of failure)
Confirm with . or Enter, or press ? or * to list all spells.
You don't have enough magic to cast that spell.
You closely miss the jackal. Your grab misses the jackal.
The jackal is moderately wounded.
The jackal bites you.
You die...

.. +..........# #[
#..........##
###.##..........[#
..........[......# #
#.####.....###.....#.#.#
........†.............!.
#...#...##.#####.....##
#...#...##.# #.#####
....#...##.# #@#
....#...+..# #h#
....#...#### #†#
#.......# #.#
#....########. ..#
#............. ..#
#..##.######.##..# #..
#.#....# #..# #.
#.#.##.# #..#


You could see a jackal.

Vanquished Creatures
  A giant cockroach (D:1)
  A hobgoblin (D:1)
  3 jackals (D:1)
5 creatures vanquished.

Notes
Turn   | Place    | Note
-------+----------+-------------------------------------------
     0 | D:1      | Banto the Octopode Earth Elementalist began the quest for the Orb.
     0 | D:1      | Reached XP level 1. HP: 11/11 MP: 3/3
    75 | D:1      | Reached XP level 2. HP: 3/17 MP: 1/5
    79 | D:1      | Slain by a jackal

Vault maps used:
D:1:      zelgadis_glass_arrival_small, minmay_pentomino_r2

Skill      XL: |  1 |
---------------+----+-----
Stealth        | 3 |  3.2
Dodging        | |  2.0
Spellcasting   | |  2.0
Transmutations | |  1.0
Earth Magic    | |  3.2

Action                   || total
-------------------------++-------
Melee: Unarmed           ||    16
       Club              ||     9
       Constrict         ||     3
       Tentacles         ||     1
 Cast: Sandblast         ||     3
Armor: Skin              ||     3
Dodge: Dodged            ||    22

Table legend:
 A = Spawn XP
 B = Non-spawn XP
 C = Spawn XP percentage of total XP
 D = Spawn monster count
 E = Non-spawn monster count
 F = Spawn count percentage of total count
 G = Total turns spent on level
                    A         B        C        D         E        F      G
               +---------+---------+-------+---------+---------+-------+---------
         Total |       0 |      10 |   0.0 |       0 |       5 |   0.0 |    79
               +---------+---------+-------+---------+---------+-------+---------
           D:1 |       0 |      10 |   0.0 |       0 |       5 |   0.0 |    79
               +---------+---------+-------+---------+---------+-------+---------

Table legend:
 A = Turns spent in this place as a percentage of turns spent in the entire game.
 B = Non-inter-level travel turns spent in this place as a percentage of non-inter-level travel turns spent in the entire game.
 C = Inter-level travel turns spent in this place as a percentage of turns spent in this place.
 D = Turns resting spent in this place as a percentage of non-inter-level travel turns spent in this place.
 E = Turns spent auto-exploring this place as a percentage of non-inter-level travel turns spent in this place.
 F = Non-inter-level travel turns spent in this place divided by the number of levels of this place that you've seen.
                   A       B       C       D       E      F
               +-------+-------+-------+-------+-------+----------------------
         Total | 100.0 | 100.0 |   0.0 |   0.0 |  44.3 |  79.0
       Dungeon | 100.0 | 100.0 |   0.0 |   0.0 |  44.3 |  79.0
               +-------+-------+-------+-------+-------+----------------------

Table legend:
 A = Kills in this place as a percentage of kills in entire the game.
 B = Kills by you in this place as a percentage of kills by you in the entire game.
 C = Kills by friends in this place as a percentage of kills by friends in the entire game.
 D = Other kills in this place as a percentage of other kills in the entire game.
 E = Experience gained in this place as a percentage of experience gained in the entire game.
 F = Experience gained in this place divided by the number of levels of this place that you have seen.
                   A       B       C       D       E      F
               +-------+-------+-------+-------+-------+----------------------
         Total | 100.0 | 100.0 |   N/A |   N/A | 100.0 |  10.0
       Dungeon | 100.0 | 100.0 |   N/A |   N/A | 100.0 |  10.0
               +-------+-------+-------+-------+-------+----------------------
